 Dungeon Crawl Stone Soup version 0.31-a0-426-g3a05650e59 (webtiles) character file.

Game seed: 1967793262018136878

91 bobarctor the Grave Robber (level 4, -2/30 HPs)
             Began as a Demonspawn Necromancer on July 31, 2023.
             Succumbed to Robin's poison
             ... on level 1 of the Dungeon.
             The game lasted 00:08:11 (1242 turns).

bobarctor the Grave Robber (Demonspawn Necromancer) Turns: 1242, Time: 00:08:12

Health: -2/30      AC:  5    Str:  8    XL:     4   Next: 33%
Magic:  0/8        EV: 12    Int: 19    God:
Gold:   20         SH:  0    Dex: 13    Spells: 5/9 levels left

rFire   . . .        m - +2 flail (protect)
rCold   . . .        (no shield)
rNeg    . . .        a - +0 robe
rPois   .            c - +2 helmet
rElec   .            (no cloak)
rCorr   .            (no gloves)
SInv    .            (no boots)
Will    .....        (no amulet)
Stlth   ++           (no ring)
HPRegen 0.25/turn    (no ring)
MPRegen 0.11/turn

%: no passive effects
@: lethally poisoned (-2 -> -16)
A: claws 2
a: no special abilities


You were on level 1 of the Dungeon.
You visited 1 branch of the dungeon, and saw 2 of its levels.

You collected 20 gold pieces.

Inventory:

Hand Weapons
 d - a +0 short sword
 i - a +0 dagger
 m - a +2 flail of protection (weapon)
Missiles
 e - 6 javelins
 f - 21 stones
Armour
 a - a +0 robe (worn)
 c - a +2 helmet (worn)
Scrolls
 j - a scroll of silence {unknown}
 l - a scroll of noise {unknown}
 n - a scroll of identify {unknown}
Potions
 b - a potion of magic
 g - a potion of brilliance {unknown}
 h - 2 potions of enlightenment {unknown}
 k - a potion of curing {unknown}


   Skills:
 + Level 2.0 Dodging
 + Level 1.9 Stealth
 * Level 3.3 Spellcasting
 + Level 5.3 Necromancy


You had 5 spell levels left.
You knew the following spells:

 Your Spells              Type           Power      Damage    Failure   Level
a - Necrotise             Necr           92%        1d8       1%          1
b - Vampiric Draining     Necr           23%        2d7       4%          3

Your spell library contained the following spells:

 Spells                   Type           Power      Damage    Failure   Level
 Animate Dead             Necr           23%        N/A       16%         4
 Ignite Poison            Fire/Tmut/Pois 3%         N/A       41%         3
 Agony                    Necr           23%        N/A       41%         5
 Sticky Flame             Conj/Fire      3%         2d3       83%         4
 Ignition                 Fire           1%         3d3       100%        8


Dungeon Overview and Level Annotations

Branches:
Dungeon (2/15)

Altars:


Innate Abilities, Weirdness & Mutations

You have very sharp fingernails.


Message History

Press: ? - help, Shift-Dir - straight line, f - Robin
Aim: Robin, wielding a +4 spear of venom, wearing a +0 animal skin and wearing a +0 helmet (chance to affect: 87%) Robin barely resists.
You feel sick.
Robin hits you with a +4 spear of venom!
Unknown command.
Unknown command.
Casting: Necrotise (safe; 1% risk of failure)
Confirm with . or Enter, or press ? or * to list all spells.
Aiming: Necrotise (safe; 1% risk of failure)
Press: ? - help, Shift-Dir - straight line, f/p - Robin
Aim: Robin, wielding a +4 spear of venom, wearing a +0 animal skin and wearing a +0 helmet (chance to affect: 87%) Robin writhes in agony.
You feel sick.
Robin hits you with a +4 spear of venom.
You are lethally poisoned!
Casting: Necrotise (safe; 1% risk of failure)
Confirm with . or Enter, or press ? or * to list all spells.
Aiming: Vampiric Draining (dangerous; 4% risk of failure)
Press: ? - help, Shift-Dir - straight line, f/p - Robin
Aim: Robin, wielding a +4 spear of venom, wearing a +0 animal skin and wearing a +0 helmet (lightly wounded)
You draw life force from Robin.
You feel life coursing into your body.
You feel very sick.
Robin hits you with a +4 spear of venom.
* * * LOW HITPOINT WARNING * * *
You are more poisoned.
Casting: Vampiric Draining (dangerous; 4% risk of failure)
Confirm with . or Enter, or press ? or * to list all spells.
Aiming: Vampiric Draining (dangerous; 4% risk of failure)
Press: ? - help, Shift-Dir - straight line, f/p - Robin
Aim: Robin, wielding a +4 spear of venom, wearing a +0 animal skin and wearing a +0 helmet (heavily wounded)
You draw life force from Robin!
You kill Robin!
You feel life coursing into your body.
* * * LOW HITPOINT WARNING * * *
You feel very sick.
Your Dodging skill increases to level 2!
* * * LOW HITPOINT WARNING * * *
You feel very sick. The goblin misses you.
You climb upwards.
You die...

####...#.# #.......######
###...## #..[.#########
##...##########...##
###.... ##..............##
##...... #..##.#######..#
##....##' #...#..#### #..#
#...####. #.#.##....#
#.####..##....
#)......#.###.# #...#..###
#.####..g@).#.# #..##.##..
#.####.##.....# #..##.##.<
#.#...........# #..##.##..
#.#...........# #...#..##'
#.#........##.####..##....
#.#........##..# #...#####
####.#####.#####..#
##....###
#...>......#####..##
##......
#^####.#####.......##
###....


You could see a goblin (strong).

Vanquished Creatures
  Terence (D:2)
  Robin (D:2)
  A gnoll (D:2)
  4 ball pythons
  7 endoplasms
  A giant cockroach (D:1)
  8 goblins (D:2)
  5 hobgoblins (D:2)
  2 quokkas
  3 bats
  2 frilled lizards (D:1)
  4 kobolds (D:1)
39 creatures vanquished.

Vanquished Creatures (collateral kills)
  A goblin (D:1)
  A bat (D:1)
2 creatures vanquished.

Grand Total: 41 creatures vanquished

Notes
Turn   | Place    | Note
-------+----------+-------------------------------------------
     0 | D:1      | bobarctor the Demonspawn Necromancer began the quest for
                  | the Orb.
     0 | D:1      | Reached XP level 1. HP: 13/13 MP: 3/3
   291 | D:1      | Gained mutation: You have sharp fingernails. [demonic
                  | ancestry]
   291 | D:1      | Reached XP level 2. HP: 12/19 MP: 0/5
   554 | D:1      | Reached skill level 5 in Necromancy
   766 | D:2      | Reached XP level 3. HP: 24/24 MP: 1/6
   868 | D:2      | Learned a level 3 spell: Vampiric Draining
   933 | D:2      | Noticed Terence
   939 | D:2      | Killed Terence
  1142 | D:2      | Gained mutation: You have very sharp fingernails. [demonic
                  | ancestry]
  1142 | D:2      | Reached XP level 4. HP: 30/30 MP: 5/8
  1160 | D:2      | Noticed Robin
  1240 | D:2      | Killed Robin
  1242 | D:1      | Succumbed to Robin's poison

Illustrated notes

Levels and vault maps discovered:
D:1:      dpeg_arrival_concentric_ovals, layout_rooms
D:2:      layout_loops_cross, serial_shops, shop, minmay_unequal, uniq_robin,
          uniq_terence

Skill      XL: |  1  2  3  4 |
---------------+-------------+-----
Necromancy     | 5 |  5.3
Spellcasting   | 3 |  3.3
Dodging        | 2 |  2.0
Stealth        | |  1.9

Action                     |  1- 3 |  4- 6 || total
---------------------------+-------+-------++-------
  Melee: Dagger            |    19 |       ||    19
         Flail             |     1 |     7 ||     8
   Cast: Necrotise         |    43 |    10 ||    53
         Vampiric Draining |       |     2 ||     2
 Armour: Robe              |     7 |     2 ||     9
  Dodge: Dodged            |    20 |     2 ||    22

Table legend: (Time is in decaauts)
 A = Elapsed time spent in this place.
 B = Non-inter-level travel time spent in this place.
 C = Inter-level travel time spent in this place.
 D = Time resting spent in this place.
 E = Time spent auto-exploring this place.
 F = Levels seen in this place.
 G = Mean time per level.
                   A        B        C        D        E       F      G
               +--------+--------+--------+--------+--------+-----+--------+
         Total |   1244 |   1198 |     46 |    215 |    706 |   2 |  622.0 |
       Dungeon |   1244 |   1198 |     46 |    215 |    706 |   2 |  622.0 |
               +--------+--------+--------+--------+--------+-----+--------+

Top non-repeatable levels by time:
     D:1: 834 daAuts
     D:2: 409 daAuts
